[Event "Live Chess"]
[Site "Chess.com"]
[Date "2024.06.02"]
[Round "-"]
[White "IgorSchukin"]
[Black "PETROMICH1967"]
[Result "1-0"]
[WhiteElo "1777"]
[BlackElo "1351"]
[TimeControl "300"]
[EndTime "5:50:42 PDT"]
[Termination "IgorSchukin won on time"]

1. e4 e5 2. Nf3 Nc6 3. Nc3 Nf6 4. d4 exd4 5. Nxd4 d6 6. Bg5 Be7 7. Bb5 Bd7 8. Bxc6 bxc6 9. O-O O-O 10. Qd3 h6 11. Bh4 g5 12. Bg3 Nh5 13. f4 Nxf4 14.
Bxf4 gxf4 15. Rxf4 Bg5 16. Qg3 Kh7 17. Rf3 c5 18.
Nf5 Bxf5 19. Rxf5 c6 20. Raf1 Qe7 21. Qf3 d5 22. exd5 Qe3+ 23. Qxe3 Bxe3+ 24. Kh1 cxd5 25. Nxd5 Bg5 26. Rxf7+ Rxf7 27. Rxf7+ Kg6 28. Rc7 Re8 29. h4 Re1+ 30. Kh2 Bc1 31. Rxc5 Bxb2 32. Nf4+ Kf6 33. Nd3 Rb1 34. Rb5 Be5+ 35. Rxe5 Ra1 36. Ra5 Rc1 37. Nb4 Rb1 38. a3 Rb2 39. Rxa7 Kf5 40. Ra5+ Kg4 41. h5 Kh4 42. g3+ Kg4 43. Rc5 Rb1 44. Nd5 Ra1 45. Rc4+ Kxh5 46. Nf4+ Kg5 47. Kg2 Rxa3 48. c3 Ra2+ 49.
Kf3 Ra1 50. Rc5+ Kf6 51. Kg4 Rg1 52. c4 h5+ 53. Nxh5+ Kg6 54. Rc6+ Kh7 55. c5 Rg2 56. Rc7+ Kg6 57. Rg7+ Kh6 58. c6 Rxg3+ 59. Kxg3 Kxh5 60. c7 1-0

[Event "Live Chess"]
[Site "Chess.com"]
[Date "2024.06.02"]
[Round "-"]
[White "Konovka_Ukraine"]
[Black "gobbles19"]
[Result "1/2-1/2"]
[WhiteElo "1733"]
[BlackElo "2247"]
[TimeControl "300"]
[EndTime "5:51:00 PDT"]
[Termination "Game drawn by agreement"]

1. b4 e5 2. Bb2 Bxb4 3. Bxe5 Nf6 4. Nc3 Nc6 5. Bxf6 Qxf6 6. Nd5 Qd8 7. Nxb4 Nxb4 8. Nf3 d5 9. e3 O-O 10. Be2 c5 11.
O-O Bf5 12. d3 Re8 13. a3 Nc6 14. Rb1 Rb8 15. h3 a6 16. Nd2 Qe7 17. Bg4 Bg6 18. Bh5 Qf6 19. Bxg6 Qxg6 20. Qg4 Qxg4 21. hxg4 b5 22. Nb3 c4 23. Nd2 Ne5 24. g5 cxd3 25. cxd3 Nxd3 26. Rb3 Ne5 27. Nf3 Nxf3+ 28. gxf3 g6 29.
Rd1 Re5 30. f4 Rf5 31. a4 Kg7 32. axb5 axb5 33. Rdb1 d4 34. Rb4 dxe3 35. fxe3 h6 36. gxh6+ Kxh6 37. Kf2 Rc5 38. Kf3 Kg7 39. e4 Kf6 40. Kg4 Kg7 41. R1b3 Re8 42. e5 Rb8 43. Kf3 Rb6 44. Ke4 Kf8 45. Kd4 Rbc6 46. Rxb5 Rc4+ 47. Ke3 Kg7 48. R5b4 Rc1 49. Rb7 R6c3+ 50. Rxc3 Rxc3+ 51.
Ke4 Rc6 52. Kd5 Ra6 53. Ke4 Ra4+ 1/2-1/2

[Event "Live Chess"]
[Site "Chess.com"]
[Date "2024.06.02"]
[Round "-"]
[White "NAZRIZ1977"]
[Black "slava_ukr"]
[Result "1-0"]
[WhiteElo "2111"]
[BlackElo "2335"]
[TimeControl "300"]
[EndTime "5:51:13 PDT"]
[Termination "NAZRIZ1977 won by resignation"]

1. d4 d5 2. Nc3 Nf6 3. Bf4 e6 4. e3 Bd6 5. Nf3 Nc6 6. Bd3 O-O 7. Qe2 Ne7 8. O-O-O Bxf4 9. exf4 c6 10. Rdg1 b5 11. g4 Qa5 12. g5 Nh5 13. Ne5 g6 14. Ng4 b4 15. Nb1 Nxf4 16. Nf6+ Kg7 17. Qg4 Nxd3+ 18.
cxd3 h5 19. Qf4 Nf5 20. Qe5 Qd8 21. Nxh5+ Kg8 22. Nf6+ Kg7 23. h4 Qd6 24. Ne8+ Kg8 25. Nxd6 Nxd6 26. h5 1-0

[Event "Live Chess"]
[Site "Chess.com"]
[Date "2024.06.02"]
[Round "-"]
[White "upoe610"]
[Black "nitrofish07"]
[Result "0-1"]
[WhiteElo "2120"]
[BlackElo "2073"]
[TimeControl "300"]
[EndTime "5:51:30 PDT"]
[Termination "nitrofish07 won by checkmate"]

1. c4 c6 2. g3 d5 3. Nf3 Nf6 4. Bg2 Bg4 5. Ne5 Bf5 6. Qb3 Qb6 7.
d3 e6 8. Be3 Qxb3 9. axb3 Nbd7 10. Nxd7 Kxd7 11. Rxa7 Rxa7 12. Bxa7 Bb4+ 13. Nc3 Ra8 14. Be3 Bh3 15. Bf3 Bg4 16. Bg2 Bh3 17. O-O Bxg2 18. Kxg2 Bxc3 19. bxc3 Ra3 20. Rb1 Kd6 21.
Bc1 Ra2 22. Rb2 Rxb2 23. Bxb2 Nd7 24. Ba3+ c5 25. d4 dxc4 26. bxc4 b6 27. Kf3 Kc6 28. Ke4 f6 29. d5+ exd5+ 30. cxd5+ Kd6 31. c4 Ne5 32. Bc1 Nxc4 33. Bf4+ Ne5 34. h4 h6 35. h5 b5 36. g4 b4 37. Bc1 Nxg4 38. f4 b3 39. Bb2 Nf2+ 40. Kf5 Nd1 41. Ba3 b2 42. Bxb2 Nxb2 43. e4 c4 44. Kg6 c3 45. Kxg7 c2 46. Kxf6 c1=Q 47. e5+ Kxd5 48. f5 Nd3 49. e6 Qg5+ 50. Kf7 Qxf5+ 51. Kg7 Qxe6 52. Kh7 Nf4 53. Kh8 Nxh5 54. Kh7 Nf4 55. Kh8 Ng6+ 56. Kh7 Qf7+ 57.
Kxh6 Ne7 58. Kg5 Ke5 59. Kh4 Kf4 60. Kh3 Qg7 61. Kh2 Kf3 62. Kh1 Qg2# 0-1

[Event "Live Chess"]
[Site "Chess.com"]
[Date "2024.06.02"]
[Round "-"]
[White "imchessive"]
[Black "TC2304"]
[Result "0-1"]
[WhiteElo "1592"]
[BlackElo "2338"]
[TimeControl "300"]
[EndTime "5:51:42 PDT"]
[Termination "TC2304 won by checkmate"]

1. d4 Nf6 2. c4 e6 3. Nf3 d5 4. g3 c6 5. Bg2 dxc4 6. Ne5 Nbd7 7. Nxc4 Be7 8. Nc3 O-O 9. e4 Nb6 10. Ne5 c5 11. d5 exd5 12. exd5 Bd6 13. Nd3 Re8+ 14.
Be3 Nc4 15. O-O Nxe3 16. fxe3 Rxe3 17. Rc1 Bg4 18. Qd2 Re8 19. Nb5 Rc8 20. Nxa7 Ra8 21. Nb5 Rxa2 22. Nxd6 Qxd6 23. Nxc5 Re2 24. Qg5 Raxb2 25.
Bf3 Rxh2 26. Rfe1 Qxg3+ 27. Kf1 Qf2# 0-1

[Event "Live Chess"]
[Site "Chess.com"]
[Date "2024.06.02"]
[Round "-"]
[White "Grace6363"]
[Black "alicechristina"]
[Result "0-1"]
[WhiteElo "1134"]
[BlackElo "1947"]
[TimeControl "300"]
[EndTime "5:51:56 PDT"]
[Termination "alicechristina won by resignation"]

1. d4 d5 2. c4 e6 3. Nf3 c6 4.
cxd5 exd5 5. a3 Nf6 6. Bg5 Be7 7.
Nc3 O-O 8. e3 Bg4 9. Be2 Nbd7 10. h3 Bh5 11. O-O Rc8 12. Rc1 c5 13. Nb5 a6 14. Nc3 c4 15. Bxf6 Nxf6 16. Ne5 Bxe2 17. Qxe2 b5 18. f3 Re8 19. Rc2 Bd6 20. f4 Qb6 21.
Rfc1 a5 22. g4 b4 23. g5 bxc3 24. gxf6 gxf6 25. Qg4+ Kf8 26. Nd7+ Ke7 27. Nxb6 cxb2 28. Qd7+ Kf8 29. Rxb2 Bxa3 30. Nxc8 Bxb2 31. Qd6+ Kg7 32. Rb1 c3 33. Nb6 Rxe3 34. Qc6 Re6 35. Qc5 Re2 36.
Na4 c2 37. Rxb2 Re1+ 38. Kf2 c1=Q 39. Qxc1 Rxc1 40. Rb5 Rc4 41. Rxa5 Rxd4 42. Ke3 Re4+ 43. Kf3 Rd4 44. Nc3 Rd3+ 45. Ke2 Rxc3 46. Rxd5 Rxh3 47.
Kf2 Kg6 48. Kg2 Rh5 49. Kg3 Rxd5 0-1

[Event "Live Chess"]
[Site "Chess.com"]
[Date "2024.06.02"]
[Round "-"]
[White "BishopofWells"]
[Black "ProfPoisson"]
[Result "1-0"]
[WhiteElo "1553"]
[BlackElo "1314"]
[TimeControl "300"]
[EndTime "5:52:09 PDT"]
[Termination "BishopofWells won on time"]

1. d4 e6 2. c4 f5 3. Nc3 Bb4 4. Bd2 Nf6 5. a3 Bxc3 6. Bxc3 b6 7. e3 Ne4 8. Rc1 O-O 9. Nf3 Bb7 10. d5 exd5 11. cxd5 d6 12. Qd4 Nxc3 13. Rxc3 Nd7 14.
Bc4 Qf6 15. Qxf6 Nxf6 16. Ba2 Ne4 17. Rxc7 Ba6 18. Nd4 g6 19. f3 Nc5 20. Kf2 Nd3+ 21. Kg3 Nxb2 22. Ne6 Rf7 23. Rxf7 Kxf7 24. Nc7 Bc4 25.
Nxa8 Bxa2 26. Nc7 Nd3 27. Rd1 Ne5 28. Nb5 Bc4 29. Nxd6+ Ke7 30. Nxc4 Nxc4 31. Rd3 Kd6 32. e4 fxe4 33. fxe4 Ne5 34. Rc3 h5 35. Kf4 h4 36.
Kg5 b5 37. Kxh4 Nc4 38. Kg5 Ke5 39. Kxg6 Kxe4 40. h4 Kxd5 41. h5 Ne5+ 42. Kg7 Ke6 43. h6 Nf7 44. h7 a5 45. Re3+ Kd5 46. Kxf7 1-0

[Event "Live Chess"]
[Site "Chess.com"]
[Date "2024.06.02"]
[Round "-"]
[White "megabusyman"]
[Black "GMMickeyAdams"]
[Result "0-1"]
[WhiteElo "1867"]
[BlackElo "2800"]
[TimeControl "300"]
[EndTime "5:52:41 PDT"]
[Termination "GMMickeyAdams won by resignation"]

1. e4 e6 2. Nc3 d5 3. exd5 exd5 4. d4 Nf6 5. Nf3 Bg4 6. Be3 Be7 7. h3 Bh5 8. Be2 c6 9. Ne5 Bxe2 10. Qxe2 O-O 11. O-O Nbd7 12. f4 Bb4 13. Rad1 Bxc3 14. bxc3 Ne4 15. Qe1 f6 16. Nd3 Nb6 17. Kh2 Re8 18. Nf2 Nc4 19. Nxe4 Rxe4 20. Rd3 Qe7 21. Rf3 Re8 0-1

[Event "Live Chess"]
[Site "Chess.com"]
[Date "2024.06.02"]
[Round "-"]
[White "gmnorfolk"]
[Black "FlyingChessKestrel13"]
[Result "1-0"]
[WhiteElo "2141"]
[BlackElo "2084"]
[TimeControl "300"]
[EndTime "5:52:47 PDT"]
[Termination "gmnorfolk won by checkmate"]

1. c4 Nf6 2. Nc3 e6 3. e4 d6 4. d4 b6 5. f4 Bb7 6. Bd3 Nbd7 7. Nf3 Be7 8. e5 dxe5 9. fxe5 Ng8 10. O-O c6 11. Ne4 Qc7 12. Bg5 Bxg5 13. Nd6+ Ke7 14. Nxg5 Nh6 15. Ngxf7 Rhf8 16. Qh5 c5 17. Qg5+ Nf6 18.
exf6+ gxf6 19. Qxf6+ Kd7 20. Qxh6 Qc6 21. d5 Qc7 22. Qxe6# 1-0

[Event "Live Chess"]
[Site "Chess.com"]
[Date "2024.06.02"]
[Round "-"]
[White "Queensandpawns"]
[Black "Ferrarifan27"]
[Result "1-0"]
[WhiteElo "2284"]
[BlackElo "2145"]
[TimeControl "300"]
[EndTime "5:52:55 PDT"]
[Termination "Queensandpawns won - game abandoned"]

1. d4 Nf6 2. Nc3 e6 3. Bf4 d5 4.
e3 Bb4 5. Ne2 O-O 6. a3 Ba5 7. b4 Bb6 8. Ng3 c6 9. Bd3 Bc7 10. Nce2 Bxf4 11. Nxf4 Nbd7 12. O-O e5 13. dxe5 Nxe5 14. Be2 Bg4 15. Nd3 Bxe2 16. Qxe2 Nc4 17. Nc5 b6 18. Nb3 Re8 19. Nd4 Qd7 20. Rad1 Rad8 21.
Qd3 Ne4 22. Nxe4 Rxe4 23. Nxc6 Qxc6 24. Qxe4 1-0

[Event "Live Chess"]
[Site "Chess.com"]
[Date "2024.06.02"]
[Round "-"]
[White "Colm_Buckley"]
[Black "TheSmoulderingMaster"]
[Result "1-0"]
[WhiteElo "1881"]
[BlackElo "1765"]
[TimeControl "300"]
[EndTime "5:52:57 PDT"]
[Termination "Colm_Buckley won by resignation"]

1. d4 Nf6 2. c4 d6 3. Nc3 g6 4. e4 Bg7 5. Be2 O-O 6. Nf3 Nbd7 7. O-O e5 8. dxe5 dxe5 9. Qc2 Qe7 10. a3 Nc5 11.
Be3 Bg4 12. Nd5 Nxd5 13. cxd5 b6 14. Bxc5 bxc5 15. h3 Bxf3 16. Bxf3 f5 17. Rac1 fxe4 18. Bxe4 Rf4 19. Rfe1 Bf8 20. g3 Rf6 21. Qc4 Rd6 22.
Qxc5 Rc8 23. Qxa7 Qd7 24. Rc2 Qxh3 25. Rxc7 Rxc7 26. Qxc7 Rf6 27. Qc4 Bd6 28. a4 h5 29.
Rc1 h4 30. Qc8+ Kh7 31. Qxh3 1-0

[Event "Live Chess"]
[Site "Chess.com"]
[Date "2024.06.02"]
[Round "-"]
[White "upoe610"]
[Black "NAZRIZ1977"]
[Result "1-0"]
[WhiteElo "2128"]
[BlackElo "2103"]
[TimeControl "300"]
[EndTime "5:52:59 PDT"]
[Termination "upoe610 won by resignation"]

1. c4 g6 2. g3 Bg7 3. Bg2 Nf6 4.
Nc3 O-O 5. d4 d6 6. h3 c6 7. Nf3 Qa5 8. O-O Qa6 9. b3 c5 10.
d5 Ne4 11. Nxe4 Bxa1 12. Bg5 Bf6 13. Bxf6 exf6 14. Nxf6+ Kg7 15. Qa1 1-0

[Event "Live Chess"]
[Site "Chess.com"]
[Date "2024.06.02"]
[Round "-"]
[White "booktrunk"]
[Black "davigator"]
[Result "0-1"]
[WhiteElo "1494"]
[BlackElo "2347"]
[TimeControl "300"]
[EndTime "5:53:03 PDT"]
[Termination "davigator won by resignation"]

1. d4 Nf6 2. Nc3 d5 3. Bf4 c6 4. Nb5 cxb5 5. a3 Nc6 6. e3 a6 7.
Nf3 Bg4 8. h3 Bh5 9. g4 Bg6 10.
Nh4 e6 11. Nxg6 hxg6 12. Bd3 b4 13. a4 Bd6 14. Bxd6 Qxd6 15. Qf3 b3 16. c3 Na5 17. Kd2 e5 18. dxe5 Qxe5 19. Qg2 Ne4+ 20. Ke2 Rc8 21. f4 Qe7 22. f5 g5 23. Rhc1 Nc4 24.
Rab1 O-O 25. Kf1 Ncd2+ 0-1

[Event "Live Chess"]
[Site "Chess.com"]
[Date "2024.06.02"]
[Round "-"]
[White "missedJariChance"]
[Black "Mary_cool"]
[Result "0-1"]
[WhiteElo "1388"]
[BlackElo "1955"]
[TimeControl "300"]
[EndTime "5:53:11 PDT"]
[Termination "Mary_cool won by resignation"]

1. b3 e6 2. Bb2 Nf6 3. Nf3 d5 4.
e3 Be7 5. c4 O-O 6. cxd5 Nxd5 7. Be2 c5 8. O-O Nc6 9. Nc3 b6 10. d4 cxd4 11. Nxd4 Nxd4 12. Qxd4 Bf6 13. Qd2 Nxc3 14.
Bxc3 Qxd2 15. Bxd2 Bxa1 16. Rxa1 Bb7 17. Rc1 Rac8 0-1

[Event "Live Chess"]
[Site "Chess.com"]
[Date "2024.06.02"]
[Round "-"]
[White "LL220284LL"]
[Black "KeithArkell"]
[Result "1/2-1/2"]
[WhiteElo "2495"]
[BlackElo "2419"]
[TimeControl "300"]
[EndTime "5:53:18 PDT"]
[Termination "Game drawn by agreement"]

1. e3 c5 2. b3 d5 3. Nf3 Nf6 4.
Bb2 g6 5. Be2 Bg7 6. O-O O-O 7.
d4 cxd4 8. Nxd4 Nc6 9. Nd2 Re8 10.
c4 e5 11. Nxc6 bxc6 12. cxd5 cxd5 13. Rc1 a5 14. Bb5 Bd7 15. Qe2 Qb6 16. Bxd7 Nxd7 17. e4 d4 18. Nc4 Qa6 19. Qg4 Nf6 20. Qf3 Rab8 21. Ba3 a4 22. Bd6 Rb5 23. b4 Qb7 24. Rfe1 Rxb4 25. Bxb4 Qxb4 26. a3 Qe7 27. Qd1 Bh6 28.
Rb1 Qc5 29. Qxa4 Rc8 30. Nb6 Rb8 31. Qb4 Qxb4 32. Rxb4 Bf8 33. Rb3 Bxa3 34. Rxa3 Rxb6 35. Ra5 Re6 36. Rc1 Nxe4 37. Re1 d3 38. Rd5 d2 39.
Rxe4 Ra6 40. f3 Ra1+ 41. Kf2 d1=Q 42. Rxd1 1/2-1/2

[Event "Live Chess"]
[Site "Chess.com"]
[Date "2024.06.02"]
[Round "-"]
[White "juniortay"]
[Black "GEMdzq"]
[Result "1-0"]
[WhiteElo "2350"]
[BlackElo "2290"]
[TimeControl "300"]
[EndTime "5:53:35 PDT"]
[Termination "juniortay won by resignation"]

1. e4 Nf6 2. Nf3 Nxe4 3. Nc3 Nf6 4. d4 e6 5. Bd3 c5 6. dxc5 Bxc5 7. O-O d5 8. Bg5 Be7 9. Ne5 Nc6 10. f4 h6 11. Bh4 O-O 12. Kh1 Bd7 13. Bxf6 Bxf6 14. Qh5 Nb4 15. Rf3 Nxd3 16. cxd3 Rc8 17. Rg3 Bxe5 18.
fxe5 Kh7 19. Rf1 Qe7 20. Rf6 g6 21. Rgxg6 fxg6 22. Qxg6+ Kh8 23. Qxh6+ Qh7 24. Rxf8+ Rxf8 25. Qxf8+ Qg8 26. Qxg8+ Kxg8 27. d4 Kg7 28. g4 Kg6 29. Kg2 b5 30. b4 a6 31. Kg3 Be8 32. h4 Bf7 33. Ne2 Kh6 34. Nf4 Bg8 35. g5+ Kg7 36. h5 Kf8 37. g6 Kg7 38. Kh4 Kh6 39. Nd3 1-0

[Event "Live Chess"]
[Site "Chess.com"]
[Date "2024.06.02"]
[Round "-"]
[White "dhairyapandyauk"]
[Black "Mikhail_Golubev"]
[Result "0-1"]
[WhiteElo "1639"]
[BlackElo "2484"]
[TimeControl "300"]
[EndTime "5:53:41 PDT"]
[Termination "Mikhail_Golubev won by resignation"]

1. e4 c5 2. c3 d6 3. d4 Nf6 4. dxc5 Nc6 5. cxd6 Nxe4 6. Be3 e5 7. Bc4 Nxd6 8. Bb3 Be7 9. Ne2 O-O 10. O-O Nf5 11.
Bc1 Qc7 12. Nd2 Rd8 13. Qc2 b6 14. Nf3 Na5 15. Bg5 Nxb3 16. Qxb3 Be6 17. Qc2 f6 18. Bd2 Qc4 19. Rfe1 e4 20. Nfd4 Nxd4 21. Nxd4 Rxd4 22. b3 Qc6 23. Rac1 Rd3 0-1

[Event "Live Chess"]
[Site "Chess.com"]
[Date "2024.06.02"]
[Round "-"]
[White "vincents82"]
[Black "SavagePawn7"]
[Result "1-0"]
[WhiteElo "1991"]
[BlackElo "678"]
[TimeControl "300"]
[EndTime "5:53:41 PDT"]
[Termination "vincents82 won by resignation"]

1. e4 d5 2. exd5 Nf6 3. d4 Nxd5 4. Nf3 g6 5. Be2 Nc6 6. O-O Bg7 7. c4 Nb6 8. d5 Nb8 9. Nc3 c6 10. Bg5 cxd5 11.
Nxd5 Nxd5 12. cxd5 O-O 13. Rb1 Bf5 14. Bd3 Bxd3 15. Qxd3 Nc6 16. Qe4 f5 17. Qe6+ Kh8 18. dxc6 bxc6 19. Qxe7 Qxe7 20. Bxe7 Rfe8 21. Rfe1 Rab8 22.
b3 Rb7 23. Bc5 Bc3 24. Rxe8+ 1-0

[Event "Live Chess"]
[Site "Chess.com"]
[Date "2024.06.02"]
[Round "-"]
[White "Ninifu"]
[Black "BostonStrangler"]
[Result "0-1"]
[WhiteElo "2008"]
[BlackElo "2125"]
[TimeControl "300"]
[EndTime "5:54:35 PDT"]
[Termination "BostonStrangler won by resignation"]

1. d4 Nf6 2. c4 c5 3. d5 b5 4. cxb5 a6 5. Nc3 axb5 6. e4 b4 7. Nb5 d6 8. Bf4 g5 9. Bxg5 Nxe4 10. Bf4 Nf6 11. Bc4 Bg7 12. Nf3 O-O 13. O-O Nbd7 14.
a4 bxa3 15. Rxa3 Rxa3 16. bxa3 Nb6 17. Ba2 Bb7 18. Nc3 Qa8 19. Re1 Re8 20. Qd2 Qxa3 21.
Rb1 Nbxd5 22. Nxd5 Ne4 23. Qc1 Qxa2 24. Rxb7 Qxd5 25.
Ra7 Nc3 26. Qf1 Rb8 0-1

[Event "Live Chess"]
[Site "Chess.com"]
[Date "2024.06.02"]
[Round "-"]
[White "grillage"]
[Black "elephantgerrald"]
[Result "1-0"]
[WhiteElo "1865"]
[BlackElo "871"]
[TimeControl "300"]
[EndTime "5:55:19 PDT"]
[Termination "grillage won on time"]

1. d4 d5 2. Nf3 Nc6 3. Bf4 Nf6 4. c4 dxc4 5. e3 Be6 6. Ng5 g6 7. Nxe6 fxe6 8. Bxc4 e5 9. dxe5 Qxd1+ 10. Kxd1 Ne4 11.
Ke2 O-O-O 12. Nc3 Rd2+ 13. Ke1 Nb4 14. Nxe4 Nc2+ 15. Kxd2 Nxa1 16. Rxa1 b6 17. Rc1 Kb7 18. Bd5+ Ka6 19. Rxc7 e6 20. Bc4+ b5 21. Bd3 Bb4+ 22.
Ke2 Ba5 23. Rc6+ Kb7 24. Rxe6 Rd8 25. Re7+ Kc6 26. Rxa7 Bb6 27. Rxh7 Kd5 28. Nc3+ Kc6 29. Bxb5+ Kc5 30. e6 Kb4 31. e7 Rd4 32. e8=Q Rd5 33.
Nxd5+ Ka5 34. Nxb6 1-0

[Event "Live Chess"]
[Site "Chess.com"]
[Date "2024.06.02"]
[Round "-"]
[White "FlyingChessKestrel13"]
[Black "yarek"]
[Result "1-0"]
[WhiteElo "2086"]
[BlackElo "1757"]
[TimeControl "300"]
[EndTime "5:55:25 PDT"]
[Termination "FlyingChessKestrel13 won by resignation"]

1. e4 g6 2. d3 Bg7 3. Nc3 c6 4. h4 h5 5. Nf3 d5 6. Be2 Bg4 7.
exd5 cxd5 8. Bf4 e6 9. Ne5 Bxe2 10. Qxe2 Nf6 11. Bg5 O-O 12. O-O-O Nc6 13. d4 Qb6 14.
Qe3 Rac8 15. Bxf6 Bxf6 16. Nd7 Qd8 17. Nxf8 Qxf8 18. Kb1 Qb4 19. Ne2 e5 20. c3 Qxd4 21. cxd4 1-0

[Event "Live Chess"]
[Site "Chess.com"]
[Date "2024.06.02"]
[Round "-"]
[White "GEMdzq"]
[Black "vincents82"]
[Result "1-0"]
[WhiteElo "2292"]
[BlackElo "1989"]
[TimeControl "300"]
[EndTime "5:55:27 PDT"]
[Termination "GEMdzq won by resignation"]

1. e4 d5 2. exd5 Qxd5 3. Nc3 Qd8 4. d4 Nf6 5. Bc4 a5 6. Nf3 Nc6 7. O-O Bg4 8. Be3 e6 9. h3 Bxf3 10.
Qxf3 Be7 11. Rad1 O-O 12. d5 exd5 13. Nxd5 Nxd5 14. Bxd5 Bd6 15. c4 Qe7 16. Rfe1 Rfe8 17. c5 Bxc5 18. Bxc5 Qxc5 19. Bxf7+ 1-0

[Event "Live Chess"]
[Site "Chess.com"]
[Date "2024.06.02"]
[Round "-"]
[White "nitrofish07"]
[Black "ClassyChameleon"]
[Result "1-0"]
[WhiteElo "2074"]
[BlackElo "1547"]
[TimeControl "300"]
[EndTime "5:55:40 PDT"]
[Termination "nitrofish07 won by resignation"]

1. d4 d5 2. c4 e6 3. g3 Nf6 4. Bg2 c6 5. Nf3 Bd6 6. O-O O-O 7. Nc3 b6 8. Nd2 e5 9. dxe5 Bxe5 10. cxd5 Nxd5 11.
Nxd5 cxd5 12. Nf3 Bf6 13. Be3 Na6 14. Bd4 Bxd4 15. Nxd4 Bb7 16. e3 Nc5 17. Rc1 Rc8 18.
b4 Ne4 19. Qd3 Qe7 20. a3 h6 21. Rfd1 Qe5 22. Nf3 Qe6 23. Nd2 Rxc1 24. Rxc1 Rd8 25. Nxe4 dxe4 26. Qxd8+ Kh7 27. Qd4 f5 28. Rd1 Ba6 29.
Qd5 Qg6 30. Bh3 Qh5 31. Bxf5+ 1-0

[Event "Live Chess"]
[Site "Chess.com"]
[Date "2024.06.02"]
[Round "-"]
[White "Bradfield133"]
[Black "dmitro74"]
[Result "1-0"]
[WhiteElo "1852"]
[BlackElo "1732"]
[TimeControl "300"]
[EndTime "5:55:49 PDT"]
[Termination "Bradfield133 won by resignation"]

1. c4 e5 2. g3 f5 3. Bg2 Nf6 4. Nc3 c6 5. d4 e4 6. d5 d6 7. Bg5 c5 8. e3 Nbd7 9. Nge2 Ne5 10. O-O h6 11. Bxf6 Qxf6 12. f3 Nxc4 13. Qa4+ Bd7 14. Qxc4 exf3 15. Bxf3 a6 16. e4 b5 17. Qd3 Be7 18. Nf4 O-O 19. Rae1 g5 20. Ne6 Bxe6 21. dxe6 Qd4+ 22. Qxd4 cxd4 23. Nd5 Ra7 24.
exf5 Rxf5 25. Be4 Re5 26. Nxe7+ Rxe7 27. Bf5 Kg7 28. Rd1 Re2 29. Rxd4 Rxb2 30. Rxd6 Rxa2 31. Rd7 Rxd7 32. exd7 Rd2 33. Rf3 b4 34. Rd3 1-0

[Event "Live Chess"]
[Site "Chess.com"]
[Date "2024.06.02"]
[Round "-"]
[White "JohanKjeldahl"]
[Black "degringolade64"]
[Result "1-0"]
[WhiteElo "1801"]
[BlackElo "2117"]
[TimeControl "300"]
[EndTime "5:56:35 PDT"]
[Termination "JohanKjeldahl won by resignation"]

1. c4 e5 2. Nc3 Nf6 3. Nf3 e4 4. Ng5 c6 5. Ngxe4 Nxe4 6. Nxe4 d5 7. cxd5 cxd5 8. Nc3 d4 9. Ne4 Nc6 10. d3 Be6 11. g3 Bb4+ 12. Bd2 Be7 13. Rc1 Qd5 14.
Bg2 Qh5 15. f3 O-O 16. O-O Rac8 17. a3 Bh3 18. Nf2 Bxg2 19. Kxg2 f5 20. Bf4 g5 21.
Qb3+ Kh8 22. Bd2 b6 23. Qe6 Qg6 24. Qxg6 hxg6 25. Rc4 b5 26. Rc2 Ne5 27. Rfc1 Rxc2 28. Rxc2 Bd6 29. f4 gxf4 30. Bxf4 Ng4 31. Nxg4 Bxf4 32.
gxf4 fxg4 33. Kg3 a5 34. Kxg4 Rf5 35. Rc6 Kg7 36. Rd6 Rc5 37. Rxd4 Rc2 38. Kg5 Rxe2 39. Rd7+ Kf8 40. Kxg6 Rxh2 41. f5 Rxb2 42. Kf6 Ke8 43. Ra7 b4 44. axb4 axb4 45. Rb7 b3 46. Ke6 Re2+ 47.
Kd6 b2 48. f6 Kf8 49. d4 Rf2 50. Ke5 Re2+ 51. Kd5 Rf2 52. Rb6 b1=Q 53. Rxb1 Rxf6 54.
Re1 Rf2 55. Kd6 Rf6+ 56. Kd7 Rf7+ 57. Kc6 Ra7 58. d5 Ra6+ 59. Kc7 Ra7+ 60. Kb6 Ra2 61. d6 Rb2+ 62. Kc6 Rc2+ 63. Kd7 Ra2 64. Rf1+ Kg7 65. Rf4 Ra7+ 66. Ke6 Kg6 67. d7 Rxd7 68. Kxd7 Kg5 69. Rf1 Kg4 70. Ke6 Kg3 1-0

[Event "Live Chess"]
[Site "Chess.com"]
[Date "2024.06.02"]
[Round "-"]
[White "StoreySniper"]
[Black "TigerTank70"]
[Result "1-0"]
[WhiteElo "2500"]
[BlackElo "2210"]
[TimeControl "300"]
[EndTime "5:56:39 PDT"]
[Termination "StoreySniper won on time"]

1. e4 e5 2. Nf3 Nc6 3. Bb5 a6 4.
Bxc6 dxc6 5. d3 Bg4 6. h3 Bxf3 7. Qxf3 Qf6 8. Qe2 Bc5 9. Nd2 Ne7 10. Nb3 Bb6 11. Be3 Bxe3 12. fxe3 Qh4+ 13. Kd2 O-O-O 14. Raf1 f6 15. Nc5 Kb8 16. Kc1 Rd6 17. g3 Qh6 18. g4 Ka7 19. h4 b6 20. Nb3 c5 21.
Nd2 Nc6 22. a3 Rhd8 23. Kb1 Na5 24. b3 Qg6 25. g5 fxg5 26. hxg5 c4 27. bxc4 Qxg5 28.
Rxh7 Rh6 29. Rxh6 gxh6 30. Rf5 Qe7 31. Kb2 b5 32. cxb5 Rb8 33. Nb3 Rxb5 34. Qd2 Nxb3 35. cxb3 h5 36. d4 exd4 37. Qxd4+ Rb6 38. Rxh5 Qf7 39. Rd5 Qf2+ 40. Qd2 Qf6+ 41. e5 Qe6 42. e4 Kb8 43. Rd8+ Ka7 44. Qd5 Rc6 45. Qxe6 Rxe6 46. Rd5 Kb6 47. b4 c6 48. Rc5 Re7 49. Kc3 Rd7 50.
e6 Re7 51. Re5 Kc7 52. Kd4 Kd6 53. Ra5 Rxe6 54. Rxa6 Kc7 55. Ra7+ Kb6 56. Rf7 Rd6+ 57. Kc4 Rd1 58. e5 Rc1+ 59. Kb3 Re1 60. Rf5 Re3+ 61.
Ka4 Re4 62. Rg5 Re2 63. Kb3 Re4 64. a4 Re3+ 65. Kc2 c5 66. Rg6+ Kc7 67. b5 Rxe5 68.
a5 1-0

[Event "Live Chess"]
[Site "Chess.com"]
[Date "2024.06.02"]
[Round "-"]
[White "Tatarinov_Maxim"]
[Black "PavelChernomordik"]
[Result "0-1"]
[WhiteElo "2285"]
[BlackElo "2504"]
[TimeControl "300"]
[EndTime "5:56:43 PDT"]
[Termination "PavelChernomordik won by resignation"]

1. Nf3 g6 2. g3 Bg7 3. Bg2 e5 4. O-O Nc6 5. d3 d6 6. c4 h6 7. Nc3 Nge7 8. Rb1 Be6 9. b4 Qd7 10. b5 Nd8 11. Re1 Bh3 12. Bh1 Ne6 13. a4 O-O 14. Ba3 f5 15. Nd2 Rab8 16. Nd5 Kh7 17. Nb3 Ng8 18. c5 c6 19. bxc6 bxc6 20. Ne3 d5 21. Na5 f4 22. Nc2 Rxb1 23. Qxb1 Qf7 24. f3 Ne7 25. Qb7 e4 26. Nxc6 Nxc6 27. Qxc6 Nd4 28. Nxd4 Bxd4+ 29. e3 fxe3 0-1

[Event "Live Chess"]
[Site "Chess.com"]
[Date "2024.06.02"]
[Round "-"]
[White "ameetghasi100"]
[Black "Dhaydon19"]
[Result "0-1"]
[WhiteElo "2749"]
[BlackElo "2653"]
[TimeControl "300"]
[EndTime "5:56:51 PDT"]
[Termination "Dhaydon19 won by resignation"]

1. b3 c6 2. Bb2 d5 3. e3 Nf6 4. Nf3 g6 5. g3 Bg7 6. d4 Nh5 7. Bg2 Nf6 8. O-O O-O 9. c4 Nbd7 10.
Nc3 dxc4 11. bxc4 Nb6 12. Qe2 Be6 13. Nd2 Qc7 14. e4 Rfd8 15. c5 Nbd7 16. f4 Bg4 17. Qf2 Nf8 18. h3 Bc8 19. Nf3 b6 20. cxb6 axb6 21.
Rac1 Ba6 22. Rfd1 Qb7 23. g4 Ne6 24. Ne5 c5 25. d5 Nd4 26. Nc6 Rdc8 27. e5 Ne8 28. Nxd4 cxd4 29. Rxd4 Rab8 30. Rcd1 Bc4 31. Ba3 b5 32. d6 Qa6 33. d7 Qxa3 34. dxc8=Q Rxc8 35. Rd8 Rxd8 36. Rxd8 Qxc3 37. Rxe8+ Bf8 38. Rd8 Kg7 39. Qd4 Qxd4+ 40. Rxd4 e6 41. Rd7 Bxa2 42. Rb7 b4 43. Bc6 Bc5+ 44. Kf1 Bc4+ 45. Ke1 b3 46. Kd2 Bd4 47. Rb4 b2 48. Be4 Bd5 49. Bb1 Bc5 50.
Rxb2 Bg2 51. Rb3 Bd5 52. Rg3 Bf2 53. Ra3 Bg2 54. f5 exf5 55. gxf5 gxf5 56. Bxf5 h5 57. Ra2 Bh4 58. Ke3 Bd5 59. Kf4 Bxa2 60. Be4 Be6 61.
Bf3 Kh6 62. Be4 Bg5+ 63. Kf3 h4 64. Kg2 Bf4 0-1

[Event "Live Chess"]
[Site "Chess.com"]
[Date "2024.06.02"]
[Round "-"]
[White "alicechristina"]
[Black "imchessive"]
[Result "1-0"]
[WhiteElo "1951"]
[BlackElo "1590"]
[TimeControl "300"]
[EndTime "5:56:51 PDT"]
[Termination "alicechristina won by resignation"]

1. c4 f5 2. Nc3 Nf6 3. g3 c6 4.
Bg2 d6 5. e4 fxe4 6. Nxe4 g6 7.
d4 Bg7 8. Ne2 O-O 9. O-O Bf5 10.
N2c3 Nxe4 11. Nxe4 d5 12. cxd5 cxd5 13. Ng5 Nc6 14.
Be3 Qb6 15. Nf3 Be4 16. Qb3 Qxb3 17. axb3 Bxf3 18. Bxf3 Bxd4 19. Bxd5+ Kg7 20. Bxc6 Bxe3 21. Bxb7 Bxf2+ 22. Rxf2 Rxf2 23. Kxf2 Rb8 24. Rxa7 Kf6 25. Bd5 e6 26. Ra6 Re8 27. Rxe6+ Rxe6 28. Bxe6 Kxe6 29. Ke3 Kd5 30. Kf4 1-0